 Dungeon Crawl Stone Soup version 0.18-a0-1078-gebb93d0 (webtiles) character file.

6105 M4edhros the Covert (level 10, -1/87 HPs)
             Began as an Octopode Artificer on Jan 14, 2016.
             Was a Believer of Fedhas.
             Slain by an iron imp (4 damage)
             ... summoned by Xom
             ... on level 10 of the Dungeon.
             The game lasted 00:21:09 (10552 turns).

M4edhros the Covert (Octopode Artificer)           Turns: 10552, Time: 00:21:10

Health: -1/87      AC: 30    Str: 10      XL:     10   Next: 88%
Magic:  24/24      EV:  2    Int: 17      God:    Fedhas [**....]
Gold:   432        SH:  0    Dex: 16 (17) Spells: 0 memorised, 9 levels left

rFire  . . .     SeeInvis .     A - +5 flail (protect)
rCold  + . .     Gourm    .     (no shield)
rNeg   + + +     Faith    .     (helmet currently unavailable)
rPois  +         Spirit   .     (no amulet)
rElec  .         Dismiss  .     m - ring of flight
rCorr  .         Reflect  .     x - ring of protection from cold
SustAt .         Harm     .     y - ring of poison resistance
MR     .....     Rnd*Rage +     G - ring of magical power
Stlth  +++++++++. NoTele   +    (no ring)
                                (no ring)
                                (no ring)
                                (no ring)

@: agile, tree-form, hasted, drained, very quick, not resistant to hostile
enchantments, incredibly stealthy
A: almost no armour, amphibious, 8 rings, (constrict 8), (camouflage 0), berserk
1, clumsy 1, (gelatinous body 0), MP-powered wands
a: Evolution, Sunlight, Renounce Religion


You were on level 10 of the Dungeon.
You worshipped Fedhas.
Fedhas was pleased with you.
You were very hungry.
You were a tree.
You visited 2 branches of the dungeon, and saw 11 of its levels.

You collected 536 gold pieces.
You spent 104 gold pieces at shops.

Inventory:

Hand Weapons
 h - a +1 short sword of venom
 l - a +3 dagger of protection
 A - a +5 flail of protection (weapon)
 M - a +0 hunting sling
 R - a +0 blowgun
Missiles
 e - 159 stones (quivered)
 i - 11 exploding sling bullets
 B - 6 javelins
 H - 3 throwing nets
 L - 19 sling bullets
 S - 15 poisoned needles
Jewellery
 m - a ring of flight (left branch)
 q - an uncursed amulet of harm
 x - a ring of protection from cold (right branch)
 y - a ring of poison resistance (on tentacle)
 G - a ring of magical power (on tentacle)
Wands
 b - a wand of flame (6/48)
 c - a wand of enslavement (9/24)
 d - a wand of random effects (6/48)
 j - a wand of fire (9/15)
 k - a wand of random effects (28/48)
 s - a wand of lightning (6/15)
 I - a wand of teleportation (2/9)
 O - a wand of flame (17/48)
 Q - a wand of flame (24/48)
Scrolls
 a - a scroll of teleportation
 g - a scroll of immolation
 o - 2 scrolls of fog
 r - a scroll of identify
 w - 2 scrolls of fear
 C - 2 scrolls of enchant weapon
 D - a scroll of torment
 E - a scroll of vulnerability
 J - 3 scrolls of magic mapping
 P - a scroll of holy word
Potions
 n - a potion of curing
 t - a potion of berserk rage
 u - a potion of lignification
 v - a potion of beneficial mutation
 z - a potion of might
 N - a potion of haste
Comestibles
 f - 5 bread rations
 p - 4 beef jerkies
 F - 8 fruits


   Skills:
 - Level 1.0(0.4) Fighting
 - Level 1.0(0.4) Short Blades
 * Level 4.8(4.2) Slings
 * Level 9.2(8.5) Dodging
 * Level 12.7(12.0) Stealth
 * Level 5.4(4.8) Invocations
 + Level 7.7(7.0) Evocations


You had 9 spell levels left.
You didn't know any spells.

Dungeon Overview and Level Annotations

Branches:
Dungeon (10/15)            Temple (1/1) D:6            Lair (0/8) D:8
    Orc (0/2) D:10

Altars:
Ashenzari
Cheibriados
Dithmenos
Elyvilon
Fedhas
Gozag
Kikubaaqudgha
Makhleb
Nemelex Xobeh
Okawaru
Pakellas
Qazlal
Ru
Sif Muna
Trog
Vehumet
Xom
Yredelemnul
Zin
The Shining One
Beogh

Shops:
D:5 **   D:7 (

Annotations:
D:10 exclusion: 2 skeletal warriors


Innate Abilities, Weirdness & Mutations

You cannot wear most types of armour.
You are amphibious.
You can wear up to eight rings at the same time.
((You can use your tentacles to constrict eight enemies at once.))
((Your skin changes colour to match your surroundings (Stealth).))
((Your rubbery body absorbs attacks (AC +1).))
You tend to lose your temper in combat.
You are clumsy. (Dex -2)
You expend magic power (3 MP) to strengthen your wands.


Message History

You feel yourself speed up.
The ufetubus hits you but does no damage. x2
The quasit bites you but does no damage.
The quasit claws you but does no damage.
The quasit barely misses you.
The white imp hits you but does no damage.
The ufetubus hits you but does no damage. x2
The crimson imp hits you.
* * * LOW HITPOINT WARNING * * *
The iron imp hits you but does no damage.
The quasit bites you but does no damage.
The quasit claws you but does no damage.
The quasit claws you.
* * * LOW HITPOINT WARNING * * *
You feel clumsy. The iron imp hits you.
* * * LOW HITPOINT WARNING * * *
The iron imp hits you.
You die...
Fedhas appreciates your contribution to the ecosystem.

######### .......#
#.....#### #........#
####### #....555.# ###.....
#### #..55♣55# #.....#
.....#...555.# ###.PP..#
.....8.))....###.#PP...#
.....'PP#.P..#.[..PP...#
..⌠o.8.P)f()())..)##.###
.....#.##P####....##.#####.
.... #........)>....)......
>._ #.##.....P.(...)#.###.
.. #....#...####.###.###.


You could see 3 iron imps, a quasit, 2 crimson imps, a white imp, an orc
(fleeing), 3 ufetubi and a friendly wandering mushroom.

Vanquished Creatures
  An ugly thing (D:8)
  A two-headed ogre (D:9)
  Grinder (D:4)
  A mottled dragon (D:8)
  2 hippogriffs
  Edmund (D:6)
  4 orc warriors
  2 ice beasts (D:6)
  2 black bears
  A wasp (D:8)
  An eye of draining (D:9)
  A phantom (D:8)
  4 ogres
  5 crocodiles
  A big kobold (D:10)
  4 giant frogs
  2 scorpions
  3 killer bees (D:10)
  5 wights (D:10)
  A crimson imp (D:6)
  2 jellies
  3 hounds
  A gnoll shaman (D:6)
  5 orc priests
  A centaur skeleton (D:8)
  18 orc wizards
  3 iguanas
  Natasha (twice) (D:4)
  3 worker ants
  13 gnolls
  11 adders
  2 oozes
  2 adder skeletons
  A worm (D:2)
  8 giant geckos
  16 orcs
  A ball python (D:1)
  A bat zombie (D:4)
  2 giant cockroaches
  9 goblins
  8 hobgoblins
  5 jackals (D:3)
  8 kobolds
  3 quokkas
  3 bats
  4 giant newts
  A jackal skeleton (D:7)
  A quokka skeleton (D:4)
  3 rats
  A rat zombie (D:4)
184 creatures vanquished.

Vanquished Creatures (collateral kills)
  A hill giant (D:9)
  A troll (D:9)
  The ghost of ater218 the Skirmisher, an amateur HOFi of Yredelemnul (D:3)
  5 orc warriors
  2 ice beasts
  A worker ant (D:4)
  A crocodile (D:8)
  2 killer bees (D:10)
  A crimson imp (D:10)
  A giant frog skeleton (D:10)
  An iguana (D:8)
  8 orcs (D:10)
  A quokka (D:3)
26 creatures vanquished.

Vanquished Creatures (others)
  Duvessa (D:4)
  A necrophage (D:8)
  Dowan (D:4)
  5 wandering mushrooms (D:10)
  146 toadstools
154 creatures vanquished.

Grand Total: 364 creatures vanquished

Notes
Turn   | Place    | Note
--------------------------------------------------------------
     0 | D:1      | M4edhros the Octopode Artificer began the quest for the Orb.
     0 | D:1      | Reached XP level 1. HP: 13/13 MP: 3/3
   241 | D:1      | Reached XP level 2. HP: 18/18 MP: 4/4
   819 | D:2      | Reached XP level 3. HP: 23/23 MP: 5/5
   975 | D:4      | Reached XP level 4. HP: 26/28 MP: 6/6
  1213 | D:4      | Noticed Natasha
  1246 | D:5      | Entered Level 5 of the Dungeon
  1374 | D:5      | Reached skill level 4 in Stealth
  1374 | D:5      | Reached XP level 5. HP: 22/33 MP: 7/7
  1382 | D:5      | Found Bainabox's General Store.
  1389 | D:5      | Found Jukoosk's Assorted Antiques.
  1395 | D:5      | Bought a scroll labeled XOVVOKH NOYSENN for 22 gold pieces
  1395 | D:5      | Bought a lumpy cyan potion for 19 gold pieces
  1395 | D:5      | Bought a scroll labeled LIAGUN ME TOKI for 22 gold pieces
  1395 | D:5      | Bought a scroll labeled DUNUMA YXOVU for 22 gold pieces
  1395 | D:5      | Bought a fizzy black potion for 19 gold pieces
  1605 | D:5      | Found a bloodstained altar of Trog.
  1836 | D:5      | Found a basalt altar of Yredelemnul.
  1941 | D:5      | Reached skill level 5 in Stealth
  1941 | D:5      | Reached XP level 6. HP: 38/38 MP: 9/9
  2321 | D:4      | Killed Natasha
  2364 | D:4      | Found an ancient bone altar of Kikubaaqudgha.
  2475 | D:4      | Noticed Natasha
  2483 | D:4      | Killed Natasha
  2483 | D:4      | Reached skill level 6 in Stealth
  2571 | D:4      | Reached skill level 5 in Dodging
  2571 | D:4      | Reached XP level 7. HP: 35/43 MP: 10/10
  2738 | D:4      | Noticed Dowan
  2741 | D:4      | Noticed Duvessa
  2769 | D:4      | HP: 3/64 [Dowan/puff of frost (4)]
  2775 | D:4      | Your ally died
  2777 | D:4      | Reached skill level 7 in Stealth
  2803 | D:4      | Your ally died
  3066 | D:4      | Noticed Grinder
  3077 | D:4      | Killed Grinder
  3077 | D:4      | Reached skill level 5 in Evocations
  3171 | D:6      | Reached skill level 8 in Stealth
  3171 | D:6      | Reached XP level 8. HP: 48/48 MP: 10/12
  3243 | D:6      | Found a staircase to the Ecumenical Temple.
  3253 | Temple   | Entered the Ecumenical Temple
  3305 | Temple   | Became a worshipper of Fedhas Madash
  3366 | D:6      | Noticed Edmund
  3381 | D:6      | Killed Edmund
  3381 | D:6      | Reached skill level 9 in Stealth
  3875 | D:6      | Reached skill level 10 in Stealth
  3875 | D:6      | Reached XP level 9. HP: 53/53 MP: 13/13
  4389 | D:3      | Reached * piety under Fedhas
  4409 | D:3      | Noticed ater218's ghost (amateur HOFi)
  4879 | D:2      | Found an oddly glowing altar of Pakellas.
  4879 | D:2      | Found an iron altar of Okawaru.
  5368 | D:3      | Killed ater218's ghost
  5368 | D:3      | Reached skill level 1 in Invocations
  5393 | D:3      | Found a glowing golden altar of the Shining One.
  5595 | D:7      | Found a stormy altar of Qazlal.
  5607 | D:7      | Reached ** piety under Fedhas
  5723 | D:7      | Found a shimmering altar of Xom.
  5797 | D:7      | Found Suriam's Antique Weapon Emporium.
  6122 | D:7      | Found a blossoming altar of Fedhas.
  6270 | D:7      | Fell from the grace of Fedhas
  6270 | D:7      | Became a worshipper of Xom of Bone-Dry Humour
  6281 | D:7      | XOM: potion effect (haste)
  6338 | D:7      | Fell from the grace of Xom
  6338 | D:7      | Became a worshipper of Fedhas Madash
  6370 | D:8      | Reached skill level 1 in Slings
  6380 | D:8      | XOM: severe Necr miscast
  6425 | D:8      | Noticed a purple ugly thing
  6521 | D:8      | Reached skill level 11 in Stealth
  6700 | D:8      | Killed a purple ugly thing
  6704 | D:8      | Gained mutation: You expend magic power (3 MP) to strengthen your wands. [mutagenic meat]
  6705 | D:8      | Gained mutation: You tend to lose your temper in combat. [mutagenic meat]
  6706 | D:8      | Gained mutation: You are clumsy. (Dex -2) [mutagenic meat]
  7183 | D:8      | XOM: confusion
  7419 | D:8      | Reached XP level 10. HP: 24/58 MP: 15/15
  7552 | D:8      | XOM: mild Chrm miscast
  7616 | D:8      | Found a staircase to the Lair.
  9059 | D:9      | Noticed a hill giant
  9081 | D:9      | Killed a hill giant
  9081 | D:9      | Reached skill level 12 in Stealth
  9102 | D:9      | Found a radiant altar of Vehumet.
  9127 | D:9      | XOM: noise
  9274 | D:9      | XOM: polymorph wandering mushroom -> wandering mushroom
  9750 | D:9      | Reached skill level 5 in Invocations
  9774 | D:10     | Entered Level 10 of the Dungeon
 10057 | D:10     | Noticed a skeletal warrior
 10057 | D:10     | Noticed a skeletal warrior
 10057 | D:10     | Noticed a skeletal warrior
 10057 | D:10     | Noticed a skeletal warrior
 10541 | D:10     | Found a roughly hewn altar of Beogh.
 10541 | D:10     | Found a staircase to the Orcish Mines.
 10545 | D:10     | XOM: summons 10 hostile demons
 10552 | D:10     | HP: 3/87 [iron imp[Xom] (2)]
 10552 | D:10     | Slain by an iron imp

Vault maps used:
D:1:      dpeg_arrival_chase, hangedman_feature_mirror
D:2:      gammafunk_temple_overflow_statue, first_bread
D:3:      lemuel_round_altar
D:4:      lemuel_zombie_altar_kikubaaqudgha, uniq_natasha, uniq_grinder,
          uniq_duvessa
D:5:      overflow_temple_1_default, serial_shops, shop,
          nicolae_shop_behind_doors, bloody_trog
D:6:      minmay_temple_entry_junction, uniq_edmund
D:7:      minmay_flawed_box, grunt_temple_overflow_open, basic_altar,
          serial_shops, shop
D:8:      erik_lair_dragon
D:9:      old_standard_altar
D:10:     david_orc_5
Temple:   circular_temple_12

Action                   |  1- 3 |  4- 6 |  7- 9 | 10-12 || total
-------------------------+-------+-------+-------+-------++-------
Melee: Short sword       |    16 |       |     7 |     9 ||    32
       Dagger            |    46 |    58 |   183 |    67 ||   354
       Flail             |       |       |    38 |    78 ||   116
 Fire: Hunting sling     |       |       |       |    91 ||    91
Throw: Stone             |     3 |       |       |       ||     3
Invok: Evolution         |       |       |     2 |     6 ||     8
Evoke: Wand              |       |    11 |    12 |     4 ||    27
  Use: Scroll            |       |    11 |     9 |     5 ||    25
       Potion            |       |     3 |     5 |     7 ||    15
 Stab: Sleeping          |     8 |     5 |    32 |     6 ||    51
       Confused          |       |       |     5 |     1 ||     6
       Distracted        |       |       |     1 |     2 ||     3
  Eat: Meat ration       |       |     1 |     3 |       ||     4
       Chunk             |       |       |     6 |       ||     6
       Royal jelly       |       |       |       |     2 ||     2
       Bread ration      |       |       |       |     1 ||     1
